 Dungeon Crawl Stone Soup version 0.30.1-6-gbe392663c4 (webtiles) character file.

Game seed: 3210052578440364903

153381 PotatoSalad1221 the Unseen (level 18, -1/103 HPs)
             Began as a Kobold Enchanter on Sept 21, 2023.
             Was the Champion of Wu Jian.
             Slain by a shock serpent (13 damage)
             ... on level 4 of the Snake Pit.
             The game lasted 01:59:32 (31511 turns).

PotatoSalad1221 the Unseen (Kobold Enchanter)      Turns: 31511, Time: 01:59:32

Health: -1/103     AC: 14    Str:  6    XL:     18   Next: 23%
Magic:  23/46      EV: 20    Int: 35    God:    Wu Jian [******]
Gold:   689        SH:  0    Dex: 18    Spells: 11/47 levels left

rFire   . . .        g - +7 Spriggan's Knife {stab, EV+4 Stlth+}
rCold   . . .        (no shield)
rNeg    . . .        O - +3 troll leather armour {Snorg}
rPois   +            j - +2 helmet
rElec   .            R - scarf {+Inv}
rCorr   .            k - +1 pair of gloves {Dex+3}
SInv    .            Q - +1 pair of boots of Hubris {Drain rPois Int+5}
Will    +....        d - amulet of the acrobat
Stlth   ++++++++     t - ring of magical power
HPRegen 1.17/turn    T - +6 ring of intelligence
MPRegen 0.30/turn

%: acrobat
@: about to teleport, weakened
A: small, no large weapons, nightstalker 3
a: Renounce Religion, Evoke Invisibility, Wall Jump, Serpent's Lash, Heavenly
Storm


You were on level 4 of the Snake Pit.
You worshipped Wu Jian.
Wu Jian was exalted by your worship.
You visited 5 branches of the dungeon, and saw 26 of its levels.
You also visited: Bailey and Gauntlet.

You collected 3806 gold pieces.
You spent 3117 gold pieces at shops.

Inventory:

Hand Weapons
 g - the +7 Spriggan's Knife (weapon) {stab, EV+4 Stlth+}
   (You acquired it on level 9 of the Dungeon)

   Stab:      It is more effective when stabbing unaware enemies, sometimes
   treating them as though they were completely helpless.
   EV:        It affects your evasion (+4).
   Stlth:     It makes you more stealthy.
Missiles
 m - 4 throwing nets
Armour
 j - a +2 helmet (worn)
 k - a +1 pair of gloves of dexterity (worn)
 E - a scarf of resistance
 J - the +1 buckler of Megife {rF++ Str-3 Dex+2 Stlth+}
   (You acquired it on level 12 of the Dungeon)

   Str:       It affects your strength (-3).
   Dex:       It affects your dexterity (+2).
   rF:        It greatly protects you from fire.
   Stlth:     It makes you more stealthy.
 O - a +3 troll leather armour (worn) {Snorg}
 Q - the +1 pair of boots of Hubris (worn) {Drain rPois Int+5}
   (You found it in a Gauntlet)

   Int:       It affects your intelligence (+5).
   rPois:     It protects you from poison.
   Drain:     It drains your maximum health when unequipped.
 R - a scarf of invisibility (worn)
Jewellery
 d - an amulet of the acrobat (around neck)
 i - a ring of ice
 t - a ring of magical power (left hand)
 B - a ring of resist corrosion
 N - a ring of see invisible
 T - a +6 ring of intelligence (right hand)
Wands
 b - a wand of paralysis (14)
 h - a wand of polymorph (12)
 s - a wand of iceblast (24)
 y - a wand of digging (19)
 A - a wand of flame (25)
 D - a wand of acid (4)
Scrolls
 c - 4 scrolls of magic mapping
 e - 3 scrolls of silence
 f - 3 scrolls of immolation
 l - 5 scrolls of amnesia
 o - 6 scrolls of vulnerability
 p - 4 scrolls of poison
 G - 21 scrolls of identify
 H - 5 scrolls of teleportation
 P - a scroll of fear
 S - a scroll of blinking
 V - a scroll of brand weapon
Potions
 a - 3 potions of heal wounds
 n - 9 potions of curing
 r - 2 potions of resistance
 u - 3 potions of flight
 v - a potion of haste
 w - 9 potions of brilliance
 x - 4 potions of attraction
 z - 6 potions of lignification
 C - 4 potions of magic
 I - 4 potions of mutation {=g}
 W - a potion of might {unknown}
Miscellaneous
 q - a lightning rod (4/4)
 F - a phantom mirror
 K - a box of beasts
 L - a piece from Xom's chessboard (15/15)
 M - a phial of floods
 U - a condenser vane


   Skills:
 + Level 8.3 Fighting
 - Level 16.0 Short Blades
 - Level 5.0 Dodging
 - Level 16.0 Stealth
 - Level 15.0 Spellcasting
 - Level 5.0 Conjurations
 - Level 15.0 Hexes
 - Level 5.0 Translocations
 - Level 5.0 Transmutations
 - Level 10.0 Ice Magic
 - Level 10.0 Evocations


You had 11 spell levels left.
You knew the following spells:

 Your Spells              Type           Power      Damage    Failure   Level
a - Ensorcelled Hibernat  Hex/Ice        100%       N/A       1%          2
b - Confusing Touch       Hex            92%        N/A       0%          3
c - Tukima's Dance        Hex            92%        N/A       0%          3
d - Dazzling Flash        Conj/Hex       100%       N/A       1%          3
e - Lesser Beckoning      Tloc           100%       N/A       1%          2
f - Frozen Ramparts       Ice            100%       1d16      1%          3
g - Yara's Violent Unrav  Hex/Tmut       38%        3d15      1%          5
h - Enfeeble              Hex            46%        N/A       4%          7
i - Discord               Hex            46%        N/A       32%         8

Your spell library contained the following spells:

 Spells                   Type           Power      Damage    Failure   Level
 Slow                     Hex            100%       N/A       0%          1
 Apportation              Tloc           100%       N/A       1%          1
 Freeze                   Ice            100%       1d10      1%          1
 Magic Dart               Conj           100%       1d8       1%          1
 Passwall                 Tmut/Erth      35%        N/A       1%          2
 Gell's Gravitas          Tloc           57%        N/A       1%          3
 Inner Flame              Hex/Fire       68%        N/A       1%          3
 Ozocubu's Armour         Ice            77%        N/A       1%          3
 Portal Projectile        Hex/Tloc       100%       N/A       1%          3
 Summon Guardian Golem    Hex/Summ       68%        N/A       1%          3
 Teleport Other           Tloc           57%        N/A       1%          3
 Anguish                  Hex/Necr       34%        N/A       1%          4
 Leda's Liquefaction      Hex/Erth       34%        N/A       1%          4
 Metabolic Englaciation   Hex/Ice        42%        N/A       1%          5
 Necrotise                Necr           100%       1d9       2%          1
 Sandblast                Erth           52%        2d12      2%          1
 Summon Small Mammal      Summ           100%       N/A       2%          1
 Spider Form              Tmut/Pois      43%        N/A       2%          3
 Stone Arrow              Conj/Erth      86%        3d12      2%          3
 Vhi's Electric Charge    Tloc/Air       86%        N/A       2%          3
 Call Imp                 Summ           52%        N/A       3%          2
 Mephitic Cloud           Conj/Pois/Air  37%        N/A       3%          3
 Passage of Golubria      Tloc           57%        N/A       3%          4
 Summon Ice Beast         Ice/Summ       57%        N/A       3%          4
 Summon Mana Viper        Hex/Summ       68%        N/A       3%          5
 Call Canine Familiar     Summ           26%        N/A       7%          3
 Swiftness                Air            26%        N/A       7%          3
 Petrify                  Tmut/Erth      43%        N/A       9%          4
 Freezing Cloud           Conj/Ice/Air   28%        6-21      9%          5
 Iskenderun's Battlesphe  Conj           57%        2d11      9%          5
 Animate Dead             Necr           26%        N/A       22%         4
 Olgreb's Toxic Radiance  Pois           26%        N/A       22%         4
 Arcjolt                  Conj/Air       21%        1d31      22%         5
 Fireball                 Conj/Fire      21%        3d10      22%         5
 Summon Forest            Summ/Tloc      21%        N/A       22%         5
 Ozocubu's Refrigeration  Ice            38%        4d16      32%         7
 Borgnjor's Vile Clutch   Necr/Erth      13%        N/A       54%         5
 Iron Shot                Conj/Erth      21%        9d5       77%         6
 Starburst                Conj/Fire      21%        6d7       77%         6
 Statue Form              Tmut/Erth      28%        N/A       77%         6
 Orb of Destruction       Conj           28%        9d9       94%         7
 Death Channel            Necr           13%        N/A       98%         6
 Plasma Beam              Fire/Air       13%        2x1d26    98%         6
 Summon Cactus Giant      Summ           13%        N/A       98%         6
 Spellforged Servitor     Conj/Summ      21%        N/A       100%        7
 Ignition                 Fire           13%        3d6       100%        8


Dungeon Overview and Level Annotations

Branches:
Dungeon (14/15)            Temple (1/1) D:5            Lair (5/5) D:9
 Shoals (0/4) Lair:3        Snake (4/4) Lair:3        Slime (0/5) Lair:4
    Orc (2/2) D:11            Elf (0/3) Orc:2        Vaults (0/5) D:13
 Bailey (visited)         Gauntlet (visited)

Altars:
Ashenzari
Cheibriados
Dithmenos
Elyvilon
Fedhas
Gozag
Hepliaklqana
Kikubaaqudgha
Makhleb
Nemelex Xobeh
Okawaru
Qazlal
Ru
Sif Muna
Trog
Uskayaw
Vehumet
Wu Jian
Xom
Yredelemnul
Zin
The Shining One
Jiyva

Shops:
D:12 =:?   D:14 ([(!   Orc:1 [   Orc:2 (:=?([


Innate Abilities, Weirdness & Mutations

You are small and have problems with some larger weapons.
You are completely attuned to the shadows.


Message History

The Council accepts your kill.
You puncture the naga sharpshooter!
The naga sharpshooter is lightly wounded.
The helpless naga sharpshooter fails to defend itself.
You spit the naga sharpshooter like a pig!!!!!
You kill the naga sharpshooter!
The Council accepts your kill.
The helpless anaconda fails to defend itself.
You stick the anaconda like a pincushion!!!!!
You kill the anaconda!
The Council accepts your kill.
The salamander tyrant is no longer blind.
The salamander tyrant gazes fiercely through you!
You feel your attacks grow feeble.
You hear an angry hiss.
Casting: Dazzling Flash (safe; 1% risk of failure)
Confirm with . or Enter, or press ? or * to list all spells.
Casting: Dazzling Flash (safe; 1% risk of failure)
Press: ? - help, Dir - look around, f - activate You hear a shout!
A shock serpent comes into view.
The salamander tyrant completely misses you.
The shock serpent bites you! The shock serpent shocks you!
You hear a shout!
You hear an angry hiss.
You hear a shout!
Casting: Dazzling Flash (safe; 1% risk of failure)
Confirm with . or Enter, or press ? or * to list all spells.
Casting: Dazzling Flash (safe; 1% risk of failure)
Press: ? - help, Dir - look around, f - activate You hear a shout!
The shock serpent bites you. The shock serpent shocks you!
The salamander tyrant gazes fiercely through you!
You feel as though you will be weak longer.
The salamander tyrant closely misses you.
As you read the scroll of teleportation, it crumbles to dust.
You feel strangely unstable.
The shock serpent bites you but does no damage.
The salamander tyrant hits you.
You are engulfed in flames!!
* * * LOW HITPOINT WARNING * * *
The shock serpent bites you!
You die...

#....# #.########..########.....
#....# #.......)..............##
#....#######...))##.#######...#
#...##......)...)##.## #...#
#...#..........)###..# #...#
#...#....###########.## #...##
##...##...).......###..# #<....
###...###.......)...##.### ##.###
....#.# ########@N...#...####.#
#.....#### ###S...###......#
##..#....# ####.....## ###..###
##..#....###..SN...#######..#####
##.......##..NN...##........##...
##..#.######S.N#####.###..#..#...
##).#.# ###.....# #.# ##..#.#...
##..#.###.!§...... #.#####...#...
##..#.##..NS.⌠§... #.........'...


You could see a salamander tyrant and a shock serpent.

Vanquished Creatures
  Rupert (Lair:5)
  Frances (D:13)
  The ghost of Flure the Black Belt, an adept MeTm of Okawaru (Snake:3)
  Kirke (Lair:5)
  3 nagarajas
  A minotaur (Gauntlet)
  Snorg (D:13)
  2 fire dragons
  A rakshasa (D:12)
  4 hydras
  A salamander tyrant (Snake:2)
  16 anacondas
  A catoblepas (Lair:4)
  2 centaur warriors (D:13)
  18 naga warriors
  6 boulder beetles
  The ghost of laros the Cleaver, a novice MiBe of Trog (D:9)
  5 death yaks (Lair:2)
  4 two-headed ogres
  The ghost of ripuliukko the Thaumaturge, a journeyman DEEE of Vehumet (D:10)
  10 naga sharpshooters
  4 tengu warriors
  4 shock serpents
  3 salamander mystics
  A deep elf knight (D:12)
  A wretched star (Gauntlet)
  An iron troll (D:13)
  A skyshark (Lair:4)
  A flayed ghost (D:12)
  6 naga ritualists
  2 lindwurms
  9 mana vipers
  4 ugly things (D:14)
  3 deep elf pyromancers (D:12)
  2 orc sorcerers
  4 cyclopes
  8 salamanders
  An oklob plant (Gauntlet)
  A manticore (D:12)
  7 guardian serpents
  4 elephants (Lair:3)
  A merfolk siren (Lair:3)
  23 naga magi
  39 black mambas
  2 minotaur zombies (Gauntlet)
  7 torpor snails
  An unseen horror (shapeshifter) (D:13)
  2 gargoyles (D:12)
  2 rime drakes (Lair:5)
  6 cane toads
  A kobold demonologist (D:12)
  6 komodo dragons
  An efreet (D:14)
  3 tengu conjurers
  11 trolls
  3 merfolk (Lair:3)
  11 polar bears
  A tarantella (shapeshifter) (D:14)
  4 tyrant leeches (Lair:5)
  A wind drake (shapeshifter) (D:13)
  9 hornets
  4 dream sheep (Lair:1)
  22 blink frogs
  3 raiju (Lair:5)
  A slime creature (D:12)
  4 wraiths
  A shadow (D:12)
  A centaur simulacrum (D:12)
  A vampire (D:7)
  4 wyverns
  4 hogs (Lair:5)
  6 basilisks
  45 yaks
  A neqoxec (Gauntlet)
  Edmund (D:4)
  17 vampire mosquitoes
  Menkaure (D:5)
  A steam dragon (D:9)
  48 nagas
  6 wargs (Lair:5)
  2 acid dragons
  12 hell hounds (Lair:5)
  11 water moccasins
  36 orc warriors
  13 black bears
  A sky beast (D:7)
  2 ice beasts
  A boggart (D:12)
  5 ogres
  14 centaurs
  22 wolves
  2 phantoms
  7 kobold brigands
  10 bullfrogs
  2 scorpions
  3 wights (D:9)
  4 killer bees (D:8)
  A howler monkey (D:12)
  An electric eel (Lair:5)
  5 small abominations (Gauntlet)
  8 jellies
  17 orc priests
  A gnoll bouda (D:7)
  2 hounds
  Ijyb (D:4)
  25 orc wizards
  2 iguanas (D:6)
  7 adders
  16 gnolls
  2 shadow imps
  A white imp (D:5)
  An ufetubus (D:6)
  3 dart slugs
  69 orcs
  10 ball pythons
  10 endoplasms
  5 giant cockroaches
  10 goblins
  10 hobgoblins
  4 jackals (D:2)
  2 quokkas
  2 bats (D:3)
  2 frilled lizards
  17 kobolds
  A rat (D:2)
835 creatures vanquished.

Vanquished Creatures (collateral kills)
  A gnoll sergeant (D:5)
  5 wights (D:10)
  3 gnolls
  A quokka (D:5)
10 creatures vanquished.

Vanquished Creatures (others)
  8 dancing weapons
  A centaur (Orc:2)
  An electric eel (Lair:5)
10 creatures vanquished.

Grand Total: 855 creatures vanquished

Notes
Turn   | Place    | Note
-------+----------+-------------------------------------------
     0 | D:1      | PotatoSalad1221 the Kobold Enchanter began the quest for
                  | the Orb.
     0 | D:1      | Reached XP level 1. HP: 10/10 MP: 3/3
    80 | D:1      | Found a faded altar of an unknown god.
   186 | D:1      | Reached XP level 2. HP: 15/15 MP: 5/5
   189 | D:1      | Learned a level 2 spell: Ensorcelled Hibernation
   598 | D:2      | You fall into a shaft and drop 1 floor!
   699 | D:3      | Found an iron altar of Okawaru.
   712 | D:3      | Reached XP level 3. HP: 11/19 MP: 5/7
   716 | D:3      | Learned a level 3 spell: Confusing Touch
  1324 | D:2      | Reached XP level 4. HP: 17/24 MP: 2/8
  2170 | D:3      | Reached skill level 1 in Ice Magic
  2170 | D:3      | Reached XP level 5. HP: 28/28 MP: 6/9
  2638 | D:3      | Reached XP level 6. HP: 27/32 MP: 3/10
  3127 | D:4      | Reached skill level 5 in Short Blades
  3127 | D:4      | Reached skill level 5 in Dodging
  3133 | D:4      | Learned a level 3 spell: Tukima's Dance
  3193 | D:4      | Noticed an ogre
  3198 | D:4      | Killed an ogre
  3199 | D:4      | Reached XP level 7. HP: 36/36 MP: 11/11
  3321 | D:4      | Noticed Edmund
  3328 | D:4      | Killed Edmund
  3718 | D:4      | Found a radiant altar of Vehumet.
  3938 | D:4      | Noticed Ijyb
  3942 | D:4      | Killed Ijyb
  4128 | D:5      | Entered Level 5 of the Dungeon
  4408 | D:5      | Found a staircase to the Ecumenical Temple.
  4466 | Temple   | Entered the Ecumenical Temple
  4671 | D:5      | Noticed Menkaure
  4675 | D:5      | Killed Menkaure
  4676 | D:5      | Reached XP level 8. HP: 41/41 MP: 12/12
  5095 | D:5      | Found a basalt altar of Yredelemnul.
  5487 | D:5      | Reached skill level 10 in Short Blades
  5706 | D:5      | Reached skill level 5 in Stealth
  6838 | D:6      | Reached XP level 9. HP: 45/45 MP: 13/13
  7262 | D:7      | Found a glowing silver altar of Zin.
  7262 | D:7      | Found a hide-covered altar of Uskayaw.
  7263 | D:7      | Found an ancient bone altar of Kikubaaqudgha.
  7265 | D:7      | Found an opulent altar of Gozag.
  7266 | D:7      | Found a sparkling altar of Nemelex Xobeh.
  7270 | D:7      | Found a stormy altar of Qazlal.
  7357 | D:7      | Found an ornate altar of the Wu Jian Council.
  7363 | D:7      | Became a worshipper of the Wu Jian Council
  7455 | D:7      | Reached skill level 10 in Stealth
  8720 | D:8      | Reached XP level 10. HP: 50/50 MP: 15/15
  8791 | D:8      | Reached * piety under Wu Jian
  9314 | D:9      | Identified a scroll of acquirement
  9315 | D:9      | Acquired the +7 Spriggan's Knife {stab, EV+4 Stlth+}
  9315 | D:9      | Found the +7 Spriggan's Knife {stab, EV+4 Stlth+}
  9351 | D:9      | Noticed a two-headed ogre
  9357 | D:9      | Killed a two-headed ogre
  9358 | D:9      | Reached skill level 5 in Spellcasting
  9358 | D:9      | Reached skill level 5 in Hexes
  9358 | D:9      | Reached skill level 5 in Ice Magic
  9564 | D:9      | Found a runed translucent gate.
  9564 | D:9      | Noticed an 11-headed hydra
  9786 | D:9      | Learned a level 3 spell: Dazzling Flash
  9789 | D:9      | Learned a level 2 spell: Lesser Beckoning
  9912 | D:9      | Found a runed translucent gate.
  9913 | D:9      | Found a runed translucent gate.
  9916 | D:9      | Noticed laros's ghost (novice MiBe)
  9931 | D:9      | Killed laros's ghost
  9939 | D:9      | Killed an 11-headed hydra
  9940 | D:9      | Reached XP level 11. HP: 54/54 MP: 16/21
  9942 | D:9      | Identified the +3 long sword of Darkness {protect, Fly
                  | Stlth+}
 10098 | D:9      | Found a staircase to the Lair.
 10233 | D:10     | Entered Level 10 of the Dungeon
 10392 | D:10     | Found a runed translucent gate.
 10424 | D:10     | Found a runed translucent gate.
 10425 | D:10     | Found a runed translucent gate.
 10516 | D:10     | Reached ** piety under Wu Jian
 10760 | D:10     | Found a flagged portal.
 10889 | Bailey   | Entered a bailey
 11042 | Bailey   | Found a burning altar of Makhleb.
 11322 | D:11     | Noticed a boulder beetle
 11343 | D:11     | Killed a boulder beetle
 11638 | D:10     | Noticed ripuliukko's ghost (journeyman DEEE)
 11641 | D:10     | Killed ripuliukko's ghost
 11991 | D:11     | Reached XP level 12. HP: 59/59 MP: 25/25
 12065 | D:11     | Reached *** piety under Wu Jian
 12250 | D:11     | Found a staircase to the Orcish Mines.
 12558 | D:11     | Reached skill level 10 in Spellcasting
 12558 | D:11     | Reached skill level 10 in Hexes
 12800 | D:12     | Reached skill level 1 in Evocations
 12800 | D:12     | Noticed a boulder beetle
 12804 | D:12     | Killed a boulder beetle
 12899 | D:12     | Reached skill level 5 in Evocations
 13011 | D:12     | Found Huwnuffa's Magic Scroll Boutique.
 13016 | D:12     | Bought a scroll of magic mapping for 120 gold pieces
 13016 | D:12     | Bought a scroll of identify for 32 gold pieces
 13016 | D:12     | Bought a scroll of fear for 64 gold pieces
 13016 | D:12     | Bought a scroll of acquirement for 832 gold pieces
 13016 | D:12     | Bought a scroll of enchant armour for 120 gold pieces
 13018 | D:12     | Acquired the +1 buckler of Megife {rF++ Str-3 Dex+2 Stlth+}
 13044 | D:12     | Noticed a tengu warrior
 13047 | D:12     | Noticed a boulder beetle
 13047 | D:12     | Killed a tengu warrior
 13049 | D:12     | Killed a boulder beetle
 13102 | D:12     | Noticed a five-headed hydra
 13109 | D:12     | Killed a five-headed hydra
 13111 | D:12     | Identified the +1 morningstar of Change {heavy, Str+2
                  | Stlth+}
 13112 | D:12     | Got the Lectures on the Snowflakes
 13139 | D:12     | Noticed a rakshasa
 13177 | D:12     | Reached skill level 10 in Evocations
 13300 | Lair:1   | Entered Level 1 of the Lair of Beasts
 13329 | Lair:1   | Identified the +3 flail of Resumed Hostilities {elec,
                  | Str+4}
 13534 | Lair:1   | Reached skill level 1 in Conjurations
 13534 | Lair:1   | Reached skill level 1 in Translocations
 13724 | Lair:1   | Reached XP level 13. HP: 63/63 MP: 27/27
 14259 | Lair:1   | Reached **** piety under Wu Jian
 14786 | Lair:2   | Reached skill level 5 in Conjurations
 14786 | Lair:2   | Reached skill level 5 in Translocations
 15351 | Lair:2   | Learned a level 3 spell: Frozen Ramparts
 15371 | Lair:3   | Found a staircase to the Shoals.
 15410 | Lair:3   | You fall into a shaft and drop 1 floor!
 15459 | Lair:4   | Noticed a five-headed hydra
 15462 | Lair:4   | Killed a five-headed hydra
 15750 | Lair:4   | Noticed a catoblepas
 15800 | Lair:4   | Killed a catoblepas
 15895 | Lair:4   | Reached XP level 14. HP: 68/68 MP: 28/28
 15896 | Lair:4   | Found a staircase to the Slime Pits.
 16029 | Lair:4   | Reached ***** piety under Wu Jian
 16066 | Lair:4   | Found a viscous altar of Jiyva.
 16383 | Lair:5   | Entered Level 5 of the Lair of Beasts
 16761 | Lair:5   | Noticed Rupert
 16768 | Lair:5   | Killed Rupert
 17761 | Lair:5   | Found a runed translucent door.
 17793 | Lair:5   | Noticed Kirke
 17929 | Lair:5   | Killed Kirke
 18777 | Lair:5   | Reached skill level 10 in Ice Magic
 18845 | Lair:5   | Reached XP level 15. HP: 72/72 MP: 29/29
 18886 | Lair:5   | Reached ****** piety under Wu Jian
 19442 | D:12     | Reached skill level 15 in Hexes
 19699 | D:12     | Found Kioqyso's Book Boutique.
 19702 | D:12     | Bought the Disquisition on Felsic Jinxing for 468 gold
                  | pieces
 19702 | D:12     | Bought Great Wizards, Vol. VII for 390 gold pieces
 19718 | D:12     | Learned a level 5 spell: Yara's Violent Unravelling
 19752 | D:12     | Reached skill level 1 in Transmutations
 19946 | D:12     | Found Naazir's Jewellery Shoppe.
 19951 | D:12     | Bought a ring of see invisible for 255 gold pieces
 20528 | D:13     | Noticed Frances
 20531 | D:13     | Killed Frances
 20558 | D:13     | Noticed Snorg
 20561 | D:13     | Killed Snorg
 21032 | D:13     | Found a gate to the Vaults.
 21208 | D:14     | Reached skill level 5 in Transmutations
 21269 | D:14     | Found Wops's Armour Shoppe.
 21274 | D:14     | Bought a +1 pair of gloves of dexterity for 214 gold pieces
 21298 | D:14     | Found Nouhoq's Weapon Shop.
 21345 | D:14     | Found Dewobr Bazue's Distillery.
 21348 | D:14     | Bought a potion of heal wounds for 50 gold pieces
 21410 | D:14     | Reached skill level 15 in Stealth
 21738 | D:14     | Learned a level 7 spell: Enfeeble
 21835 | D:14     | Found Teshruvi's Weapon Shoppe.
 22025 | Orc:1    | Entered Level 1 of the Orcish Mines
 22550 | Orc:1    | Found Nuvao's Antique Armour Emporium.
 22772 | Orc:2    | Entered Level 2 of the Orcish Mines
 22853 | Orc:2    | Found a staircase to the Elven Halls.
 23122 | Orc:2    | Reached XP level 16. HP: 52/76 MP: 28/30
 23151 | Orc:2    | Found Upim Nuy's Vocational Training.
 23184 | Orc:2    | Found Sairal's Antique Weapon Emporium.
 23203 | Orc:2    | Found a gate leading to a gauntlet.
 23209 | Gauntlet | Entered a Gauntlet
 23226 | Gauntlet | Found a transporter.
 23277 | Gauntlet | Found a transporter.
 23333 | Gauntlet | Found a transporter.
 23384 | Gauntlet | Found a transporter.
 23457 | Gauntlet | Found a transporter.
 23457 | Gauntlet | Found a transporter.
 23473 | Gauntlet | Found a transporter.
 23473 | Gauntlet | Found a transporter.
 23515 | Gauntlet | Found a transporter.
 23520 | Gauntlet | Found a transporter.
 23536 | Gauntlet | Identified the +6 glaive of Change {drain, Int+4 Dex+3}
 23542 | Gauntlet | Found a transporter.
 23570 | Gauntlet | Found a transporter.
 23576 | Gauntlet | Identified the +1 pair of boots of Hubris {Drain rPois
                  | Int+5}
 23629 | Gauntlet | Got the Compilation of Fulmination
 23885 | Orc:2    | Found Viry's Antique Weapon Shop.
 23885 | Orc:2    | Found Plog's Magic Scroll Emporium.
 23885 | Orc:2    | Found Faxedd's Jewellery Shoppe.
 23886 | Orc:2    | Found Wudoonoeb's Antique Armour Boutique.
 23891 | Orc:2    | Bought a scroll of teleportation for 42 gold pieces
 23891 | Orc:2    | Bought a scroll of teleportation for 42 gold pieces
 23903 | Orc:2    | Bought a scroll of vulnerability for 56 gold pieces
 24525 | Orc:2    | Bought a +6 ring of intelligence for 432 gold pieces
 25529 | Lair:3   | Found a staircase to the Snake Pit.
 25659 | Snake:1  | Entered Level 1 of the Snake Pit
 26859 | Snake:1  | You fall into a shaft and drop 1 floor!
 27424 | Snake:2  | Noticed a nagaraja
 27428 | Snake:2  | Killed a nagaraja
 27578 | Snake:2  | Reached skill level 15 in Spellcasting
 27579 | Snake:2  | Reached XP level 17. HP: 80/80 MP: 36/36
 29363 | Snake:3  | Found a runed translucent door.
 29641 | Snake:3  | Reached skill level 15 in Short Blades
 30051 | Snake:3  | Noticed Flure's ghost (adept MeTm)
 30055 | Snake:3  | Killed Flure's ghost
 30089 | Snake:4  | Entered Level 4 of the Snake Pit
 30116 | Snake:4  | Reached skill level 1 in Fighting
 30327 | Snake:4  | Learned a level 8 spell: Discord
 30411 | Snake:4  | Reached skill level 5 in Fighting
 30786 | Snake:4  | Reached XP level 18. HP: 98/98 MP: 37/37
 31511 | Snake:4  | Slain by a shock serpent

Illustrated notes

Levels and vault maps discovered:
D:1:      mushboom_english_gardens, layout_rooms,
          chequers_ecumenical_altar_simple_redux, serial_park_tiny_pond
D:2:      minmay_razor_zed, layout_basic
D:3:      layout_basic, okawaru_gym_becter, minmay_shallow_snake_nest
D:4:      layout_loops_ring, mainiacjoe_overflow_six_doors_small, uniq_ijyb,
          uniq_edmund
D:5:      layout_loops_ring, yredelemnul_altar_generic, temple_fountains,
          kennysheep_generic_room_7, uniq_menkaure
D:6:      layout_loops_cross
D:7:      layout_loops_corners, grunt_temple_overflow_open, serial_rivers,
          chequers_serial_rivers_small_3, chequers_serial_rivers_small_b,
          chequers_serial_rivers_micro_d, chequers_serial_rivers_micro_a,
          chequers_serial_rivers_small_b, chequers_serial_rivers_micro_d,
          abandoned_shop, small_statue_intersection
D:8:      layout_rooms
D:9:      layout_roguey, david_lair_shrubbed, gammafunk_ghost_hydra_chop,
          feat_on_display
D:10:     layout_irregular_city, enter_bailey_8, ebering_ghost_rock_garden
D:11:     layout_gridville, david_orc_2
D:12:     minmay_the_grid_4x2 [minmay_the_grid_pillar_ring,
          minmay_the_grid_aliased_spiral, minmay_the_grid_slots,
          minmay_the_grid_minigrid_small_alt, minmay_the_grid_eight,
          minmay_the_grid_paths, minmay_the_grid_medium_cups,
          minmay_the_grid_prize_four_corners_diamond_b], layout_irregular_city,
          serial_shops, shop, nicolae_shop_real_fake_doors, shop,
          nicolae_elevator_lobby_asterisk
D:13:     layout_roguey, david_vaults_4, uniq_snorg, uniq_frances
D:14:     layout_basic, nicolae_titane, serial_shops, shop_statue,
          nicolae_shop_bloodbath_and_beyond, nicolae_shop_mannequins,
          nicolae_shop_trees
Temple:   chequers_temple_sunken
Lair:1:   layout_roguey
Lair:2:   layout_roguey, serial_forest, infiniplex_forest_lined_corner,
          infiniplex_forest_corner_1, infiniplex_forest_clump_long,
          infiniplex_forest_lined_4_way, infiniplex_forest_lined_3,
          infiniplex_forest_lined_2, infiniplex_forest_clump_curved,
          infiniplex_forest_lined_4_way, infiniplex_forest_lined_corner,
          beast_lair_carwin_2
Lair:3:   layout_hall_layers, elwin_shoals_entry_stream,
          minmay_snake_entry_guardpost_small
Lair:4:   layout_hall_layers, nicolae_slime_entry_field_trip, st_stairs_13,
          nicolae_lair_grazing_beasts [nicolae_sub_lair_graze_edge,
          nicolae_sub_lair_graze_edge, nicolae_sub_lair_graze_edge,
          nicolae_sub_lair_graze_edge]
Lair:5:   wormcave, layout_layer_cave, hangedman_lair_caniforms_friends,
          chequers_serial_rivers_micro_c, pdpol_lair_cavern_descent,
          uniq_rupert, uniq_kirke
Snake:1:  layout_chambers
Snake:2:  layout_misc_corridors, grunt_megastairs_4
Snake:3:  layout_chambers, ebering_ghost_reflecting_pool, guppyfry_library_mini
Snake:4:  grunt_snake_rune_serpentine_throne, layout_basic,
          nicolae_snake_gridmaze_squiggle, nicolae_snake_omega
Orc:1:    layout_diamond_mine, serial_shops, nicolae_shop_overgrown_old_shop,
          nicolae_orc_stony_grotto
Orc:2:    st_orc_rangers, layout_caves, gauntlet_entry_generic, serial_shops,
          nicolae_shop_stone, nicolae_shop_vocational

Skill      XL: |  1  2  3  4  5  6  7  8  9 10 11 12 13 14 15 16 17 18 |
---------------+-------------------------------------------------------+-----
Short Blades   | 2 3 4 5 8 10 16 | 16.0
Dodging        | 3 4 5 |  5.0
Spellcasting   | 3 7 9 10 15 | 15.0
Ice Magic      | 1 2 3 5 6 10 | 10.0
Stealth        | 7 12 16 | 16.0
Hexes          | 7 9 10 12 14 15 | 15.0
Evocations     | 10 | 10.0
Conjurations   | 1 5 |  5.0
Translocations | 1 5 |  5.0
Transmutations | 5 |  5.0
Fighting       | 5 8 |  8.3

Action                     |  1- 3 |  4- 6 |  7- 9 | 10-12 | 13-15 | 16-18 || total
---------------------------+-------+-------+-------+-------+-------+-------++-------
  Melee: Dagger            |    55 |   123 |   230 |    26 |       |       ||   434
         Punch             |       |     2 |     1 |     2 |     6 |     5 ||    16
         Knife             |       |       |       |   256 |   543 |   488 ||  1287
         Unarmed           |       |       |       |       |     8 |       ||     8
   Cast: Ensorcelled Hiber |    10 |    23 |    49 |    79 |   129 |    91 ||   381
         Confusing Touch   |       |     1 |     6 |    14 |    39 |    21 ||    81
         Tukima's Dance    |       |       |    23 |    10 |       |       ||    33
         Dazzling Flash    |       |       |       |     3 |    65 |    86 ||   154
         Frozen Ramparts   |       |       |       |       |    20 |     5 ||    25
Ability: Lunge             |       |       |    11 |    42 |    92 |   114 ||   259
         Whirlwind         |       |       |       |    25 |     9 |     8 ||    42
         Evoke Invisibilit |       |       |       |       |       |     1 ||     1
  Evoke: Wand              |       |       |       |       |       |     2 ||     2
    Use: Potion            |     1 |     1 |       |     5 |     5 |     2 ||    14
         Scroll            |       |       |    19 |    18 |    11 |     4 ||    52
   Stab: Sleeping          |    16 |    32 |    56 |    75 |   131 |   110 ||   420
         Invisible         |     4 |     2 |       |    13 |    84 |   101 ||   204
         Confused          |       |     2 |     3 |    14 |    25 |    21 ||    65
         Distracted        |       |     1 |       |     3 |    11 |    21 ||    36
 Armour: Robe              |     7 |    10 |    15 |     6 |       |       ||    38
         Troll leather arm |       |       |       |    21 |   147 |    71 ||   239
  Dodge: Dodged            |    54 |    65 |    76 |   134 |   820 |   405 ||  1554
